 Dungeon Crawl Stone Soup version 0.32-a0-391-gce5c0aa (webtiles) character file.

Game seed: 9233010108443491887

139 Nithhogg the Covered (level 5, 0/46 HPs)
             Began as a Mountain Dwarf Fighter on Feb 19, 2024.
             Slain by a black bear (1 damage)
             ... on level 4 of the Dungeon.
             The game lasted 00:03:39 (1955 turns).

Nithhogg the Covered (Mountain Dwarf Fighter)       Turns: 1955, Time: 00:03:40

Health: 0/46       AC:  7    Str: 20    XL:     5   Next: 1%
Magic:  7/7        EV:  9    Int:  9    God:
Gold:   148        SH:  4    Dex:  9    Spells: 4/4 levels left

rFire   . . .        a - +0 war axe
rCold   . . .        c - +0 buckler
rNeg    . . .        b - +0 scale mail
rPois   .            (no helmet)
rElec   .            (no cloak)
rCorr   .            (no gloves)
SInv    .            (no boots)
Will    .....        (no amulet) Stlth
                     (no ring)
HPRegen 0.27/turn    (no ring)
MPRegen 0.10/turn

%: no passive effects
@: attractive, hasted, very quick
A: runic magic, artefact enchanting
a: no special abilities


You were on level 4 of the Dungeon.
You visited 1 branch of the dungeon, and saw 4 of its levels.

You collected 148 gold pieces.

Inventory:

Hand Weapons
 a - a +0 war axe (weapon)
Armour
 b - a +0 scale mail (worn)
 c - a +0 buckler (worn)
 k - a +0 chain mail
 p - the +3 leather armour of Death's Door {Int+2 SInv}
   (You found it on level 3 of the Dungeon)

   Int+2:     It affects your intelligence (+2).
   SInv:      It lets you see invisible.
Jewellery
 i - a ring of magical power
 n - a ring of ice
Scrolls
 f - 3 scrolls of identify
 h - a scroll of revelation
Potions
 j - a potion of mutation {unknown}
 m - a potion of cancellation {unknown}
 o - a potion of heal wounds {unknown}


   Skills:
 + Level 4.2 Fighting
 + Level 3.7 Axes
 + Level 4.2 Armour
 - Level 3.2 Shields
 + Level 2.9 Invocations


You had 4 spell levels left.
You didn't know any spells.
Your spell library contained the following spells:

 Spells                   Type           Power      Damage    Failure   Level
 Jinxbite                 Hex            0%         N/A       69%         2
 Stone Arrow              Conj/Erth      0%         3d7       89%         3
 Animate Armour           Summ/Erth      0%         N/A       100%        4
 Yara's Violent Unravell  Hex/Alch       0%         3d3       100%        5
 Enfeeble                 Hex            0%         N/A       100%        7
 Lehudib's Crystal Spear  Conj/Erth      0%         10d2      100%        8


Dungeon Overview and Level Annotations

Branches:
Dungeon (4/15)
 Temple: D:4-7

Altars:

Annotations:
D:3 Grinder


Innate Abilities, Weirdness & Mutations

Your spellcasting is much less encumbered by armour.
You can use scrolls of enchantment on lesser artefacts.


Message History

You feel attractive to monsters. The black bear bites you!
The black bear claws you.
* * * LOW HITPOINT WARNING * * *
The black bear claws you but does no damage.
It was a potion of curing.
You feel better. The black bear bites you. The black bear claws you.
* * * LOW HITPOINT WARNING * * *
The black bear claws you.
* * * LOW HITPOINT WARNING * * *
It was a potion of haste.
You feel yourself speed up. The black bear bites you.
* * * LOW HITPOINT WARNING * * *
The black bear barely misses you. You block the black bear's attack.
You hit the black bear.
The black bear is severely wounded.
The black bear looks more healthy.
You block the black bear's attack. The black bear claws you.
* * * LOW HITPOINT WARNING * * *
The black bear claws you.
* * * LOW HITPOINT WARNING * * *
The black bear closely misses you.
The black bear claws you but does no damage.
The black bear claws you.
* * * LOW HITPOINT WARNING * * *
You closely miss the black bear.
The black bear is severely wounded.
You closely miss the black bear.
The black bear is severely wounded.
The black bear bites you.
* * * LOW HITPOINT WARNING * * *
The black bear claws you but does no damage.
The black bear closely misses you.
You slash the black bear!
The black bear is almost dead.
The black bear goes berserk!
You hit the black bear but do no damage.
The black bear is almost dead.
The black bear closely misses you.
The black bear claws you but does no damage. x2
The black bear bites you.
You die...

....... .....# ....# ...
...# ########... ..#
.......#..###+ #.#
######.##...#.#######.###
.# #.##.......@h.(....#
.#####.##.#.#..######.#.#
........#.#.##.## #.#...
.########.#.....##
#.#####
.'..........#.#..####.#
.########.#.#.........#
## #....#.#+#####..####
#...)'.............
#....#....######.###


You could see a black bear (berserk).

Vanquished Creatures
  Jessica (D:2)
  3 adders (D:2)
  2 dart slugs (D:1)
  2 orcs
  5 ball pythons
  6 endoplasms
  2 giant cockroaches
  7 goblins
  6 hobgoblins
  2 kobolds
  2 quokkas
  2 bats
  4 frilled lizards
  A rat (D:2)
45 creatures vanquished.

Notes
Turn   | Place    | Note
-------+----------+-------------------------------------------
     0 | D:1      | Nithhogg the Mountain Dwarf Fighter began the quest for the
                  | Orb.
     0 | D:1      | Reached XP level 1. HP: 19/19 MP: 1/1
    86 | D:1      | Reached skill level 1 in Invocations
    86 | D:1      | Reached XP level 2. HP: 25/26 MP: 2/2
   465 | D:1      | Reached XP level 3. HP: 32/33 MP: 4/4
   695 | D:2      | Noticed Jessica
   699 | D:2      | Killed Jessica
   720 | D:2      | Reached XP level 4. HP: 29/40 MP: 5/5
  1742 | D:3      | Noticed Grinder
  1743 | D:3      | Identified the +3 leather armour of Death's Door {Int+2
                  | SInv}
  1758 | D:3      | Paralysed by Grinder for 5 turns
  1909 | D:4      | Reached XP level 5. HP: 46/46 MP: 7/7
  1932 | D:4      | Noticed a black bear
  1953 | D:4      | HP: 1/46 [black bear (4)]
  1955 | D:4      | Slain by a black bear

Illustrated notes

Levels and vault maps discovered:
D:1:      dpeg_arrival_rooms_c, layout_basic
D:2:      layout_loops_cross, uniq_jessica
D:3:      layout_basic, nicolae_kikubaaqudgha_miasma_corner, uniq_grinder
D:4:      layout_basic, minmay_temple_entry_offerings

Skill      XL: |  1  2  3  4 |
---------------+-------------+-----
Invocations    | 1 2 |  2.9
Axes           | 3 |  3.7
Fighting       | 4 |  4.2
Armour         | 4 |  4.2
Shields        | |  3.2

Action                     |  1- 3 |  4- 6 || total
---------------------------+-------+-------++-------
  Melee: War axe           |    73 |    79 ||   152
  Throw: Dart              |       |     4 ||     4
    Use: Scroll            |       |     3 ||     3
         Potion            |       |     4 ||     4
 Armour: Scale mail        |    43 |    82 ||   125
  Dodge: Dodged            |    42 |    44 ||    86
  Block: Buckler           |    21 |    15 ||    36

Table legend: (Time is in decaauts)
 A = Elapsed time spent in this place.
 B = Non-inter-level travel time spent in this place.
 C = Inter-level travel time spent in this place.
 D = Time resting spent in this place.
 E = Time spent auto-exploring this place.
 F = Levels seen in this place.
 G = Mean time per level.
                   A        B        C        D        E       F      G
               +--------+--------+--------+--------+--------+-----+--------+
         Total |   2008 |   1950 |     58 |      0 |   1504 |   4 |  502.0 |
       Dungeon |   2008 |   1950 |     58 |      0 |   1504 |   4 |  502.0 |
               +--------+--------+--------+--------+--------+-----+--------+

Top non-repeatable levels by time:
     D:2: 821 daAuts
     D:1: 715 daAuts
     D:3: 386 daAuts
     D:4: 84 daAuts
